 Dungeon Crawl Stone Soup version 0.21-a0-26-g7b23a2f (webtiles) character file.

332 Stendarr the Covered (level 6, 0/51 HPs)
             Began as a Minotaur Wanderer on May 25, 2017.
             Was a Follower of Makhleb.
             Slain by a gnoll
             ... wielding a +0 club
              (5 damage)
             ... on level 3 of the Dungeon.
             The game lasted 00:16:58 (2853 turns).

Stendarr the Covered (Minotaur Wanderer)            Turns: 2853, Time: 00:16:58

Health: 0/51       AC:  6    Str: 17    XL:     6   Next: 26%
Magic:  5/5        EV: 12    Int: 11    God:    Makhleb [*.....]
Gold:   135        SH:  0    Dex:  9    Spells: 5/5 levels left

rFire    x . .     SeeInvis .   b - +1 dagger (venom)
rCold    + . .     Gourm    .   (no shield)
rNeg     . . .     Faith    .   o - +3 leather armour
rPois    .         Spirit   .   (helmet restricted)
rElec    .         Reflect  .   (no cloak)
rCorr    .         Harm     .   (no gloves)
MR       .....                  (no boots)
Stlth    +.........             (no amulet)
Regen    0.2/turn               p - ring of ice
MPRegen  0.1/turn               (no ring)

@: no status effects
A: retaliatory headbutt, horns 2
a: Renounce Religion


You were on level 3 of the Dungeon.
You worshipped Makhleb.
Makhleb was aware of your devotion.
You were not hungry.

You visited 1 branch of the dungeon, and saw 3 of its levels.

You collected 135 gold pieces.

Inventory:

Hand Weapons
 a - a +2 shortbow
 b - a +1 dagger of venom (weapon)
Missiles
 g - 12 arrows
Armour
 o - a +3 leather armour (worn)
Jewellery
 p - a ring of ice (left hand)
Scrolls
 c - a scroll of random uselessness {unknown}
 d - 2 scrolls of teleportation
 e - a scroll of recharging {unknown}
 h - a scroll of magic mapping {unknown}
 j - 5 scrolls of identify {unknown}
 r - a scroll of fear {unknown}
Potions
 i - 3 potions of brilliance {unknown}
 k - 3 potions of heal wounds {unknown}
 l - 2 potions of lignification {unknown}
 m - a potion of magic {unknown}
 q - a potion of curing {unknown}
Comestibles
 f - 2 bread rations
 n - a royal jelly


   Skills:
 + Level 3.4 Fighting
   Level 1.2 Long Blades
 - Level 4.0 Bows
 * Level 6.1 Armour
 + Level 3.1 Dodging
   Level 1.2 Shields
   Level 1.0 Evocations


You had 5 spell levels left.
You didn't know any spells.

Dungeon Overview and Level Annotations

Branches:
Dungeon (3/15)

Altars:
Makhleb
Xom
Zin

Shops:
D:2 *


Innate Abilities, Weirdness & Mutations

You reflexively headbutt those who attack you in melee.
You have a pair of horns on your head.


Message History

You kill the gnoll!
Makhleb accepts your kill. The gnoll hits you but does no damage.
You barely miss the gnoll. The gnoll barely misses you.
You hit the gnoll but do no damage.
The gnoll is poisoned.
The gnoll misses you. You furiously retaliate!
You headbutt the gnoll. The gnoll hits you with a club.
There is an open door, spattered with blood here.
You hit the gnoll. You headbutt the gnoll.
The gnoll is almost dead.
The gnoll hits you with a whip of electrocution!
You are electrocuted!
* * * LOW HITPOINT WARNING * * *
The gnoll closely misses you.
You closely miss the gnoll.
The gnoll is almost dead.
The gnoll hits you with a whip of electrocution!
* * * LOW HITPOINT WARNING * * *
The gnoll hits you with a club.
You die...

####### ...... .....
≈≈≈≈ ≈≈≈ ##### #...#
#...#############
###'#...g@g......
#.#...)###'####
#.#....# #.###)##
#......# #......#
#÷#####################
#.#...........#....#...
#))...........'....'...


You could see 2 gnolls.

Vanquished Creatures
  An orc priest (D:3)
  22 gnolls
  2 adders (D:2)
  A worm (D:3)
  2 dart slugs (D:1)
  2 orcs (D:3)
  9 bats
  A giant cockroach (D:2)
  11 goblins
  2 hobgoblins (D:2)
  9 jackals
  6 kobolds
  A quokka (D:2)
  A ball python (D:2)
  3 frilled lizards
  7 rats
80 creatures vanquished.

Notes
Turn   | Place    | Note
-------+----------+-------------------------------------------
     0 | D:1      | Stendarr the Minotaur Wanderer began the quest for the Orb.
     0 | D:1      | Stendarr set off with: a +2 shortbow, 22 arrows, a +0 hand axe, a scroll of teleportation, a +0 robe, a bread ration
     0 | D:1      | Reached XP level 1. HP: 18/18 MP: 0/0
   189 | D:1      | Reached XP level 2. HP: 25/25 MP: 1/1
   372 | D:1      | Reached skill level 3 in Armour
   676 | D:1      | Reached skill level 1 in Dodging
   707 | D:2      | Reached XP level 3. HP: 30/30 MP: 2/2
   708 | D:2      | Found a burning altar of Makhleb.
   722 | D:2      | Became a worshipper of Makhleb the Destroyer
  1258 | D:2      | Found Zin's Purification Station.
  1261 | D:2      | Found a glowing silver altar of Zin.
  1433 | D:2      | Reached skill level 4 in Armour
  1523 | D:2      | Reached XP level 4. HP: 30/37 MP: 3/3
  1908 | D:2      | Found a shimmering altar of Xom.
  1973 | D:3      | Reached * piety under Makhleb
  2232 | D:3      | Reached skill level 5 in Armour
  2237 | D:3      | Reached XP level 5. HP: 33/42 MP: 4/4
  2624 | D:3      | Reached XP level 6. HP: 35/51 MP: 5/5
  2838 | D:3      | Reached skill level 6 in Armour
  2853 | D:3      | Slain by a gnoll

Vault maps used:
D:1:      dpeg_arrival_rooms_with_view
D:2:      zin_purify, tgw_xom, overflow_temple_1_default, first_bread,
          corexii_shack
D:3:      lemuel_castle_with_subvaults, grunt_dithmenos_smoke,
          lemuel_coloured_pillars_altar, minmay_misc_feat_room

Skill      XL: |  1  2  3  4  5  6 |
---------------+-------------------+-----
Armour         | 3 4 5 6 |  6.1
Dodging        | 1 2 3 |  3.1
Bows           | 4 |  4.0
Fighting       | 3 |  3.4
Long Blades    | |  1.2
Shields        | |  1.2
Evocations     | |  1.0

Action                   |  1- 3 |  4- 6 || total
-------------------------+-------+-------++-------
Melee: Dagger            |    17 |   120 ||   137
       Headbutt          |     5 |    24 ||    29
 Fire: Shortbow          |    70 |       ||    70
  Eat: Chunk             |     2 |     4 ||     6
Armor: Robe              |     9 |       ||     9
       Leather armour    |     8 |    31 ||    39
Dodge: Dodged            |    34 |    68 ||   102
